Map: Site Delta LE

Players

demzi

  • Race: Zerg Zerg
  • League: Diamond
  • Spawn Location: 5:00

Babke - Winner!

  • Race: Terran Terran
  • Spawn Location: 11:00

VOD

Have the link to the VOD?

Description

Time

  • Played on: March 24, 2024, 12:39 p.m.
  • Length: 14:03
Show
View Real Time Build Order
Export as new Build Order

demzi Zerg 

Build Orders: Hatch First 

Get SALT Encoding   

  12  0:00  Drone  
  13  0:12  Overlord  
  13  0:16  Drone  
  14  0:31  Drone x2  
  16  0:48  Hatchery  
  15  0:52  Drone  
  15  0:55  Drone  
  17  0:59  Drone  
  18  1:05  Extractor  
  17  1:20  Spawning Pool  
  17  1:22  Drone  
  17  1:26  Drone  
  17  1:30  Drone  
  20  1:40  Drone  
  20  1:52  Overlord  
  20  2:07  Queen x2  
  20  2:08  Zergling x2  
  25  2:10  Zergling x2  
  25  2:14  Drone  
  27  2:19  Overlord  
  26  2:42  Drone x4  
  30  2:46  Queen  
  32  3:05  Hatchery  
  31  3:15  Metabolic Boost  
  31  3:16  Zergling x2  
  31  3:17  Zergling x4  
  34  3:25  Queen  
  34  3:26  Overlord  
  35  3:35  Overlord x2  
  35  3:45  Drone x3  
  35  3:47  Drone  
  39  3:48  Drone  
  39  3:52  Drone  
  41  4:16  Drone x2  
  41  4:17  Drone x4  
  45  4:22  Extractor  
  40  4:34  Zergling x8  
  40  4:35  Zergling x10  
  45  4:52  Drone x3  
  48  4:59  Drone  
  49  5:07  Drone x2  
  51  5:08  Drone  
  51  5:11  Drone  
  53  5:17  Lair  
  53  5:28  Baneling Nest  
  52  5:29  Evolution Chamber  
  52  5:31  Evolution Chamber  
  46  5:41  Drone  
  46  5:43  Drone x2  
  46  5:44  Drone  
  46  5:45  Drone x3  
  46  5:46  Drone x2  
  46  5:48  Drone x2, Extractor  
  46  5:49  Drone  
  55  5:56  Zerg Melee Weapons Level 1  
  52  5:59  Zerg Ground Armor Level 1  
  52  6:07  Zergling x8  
  52  6:08  Zergling x2  
  57  6:14  Overlord x2  
  57  6:21  Overlord x2  
  57  6:25  Centrifugal Hooks  
  52  6:36  Spore Crawler  
  52  6:38  Drone x5, Spore Crawler  
  54  6:43  Drone x2  
  54  6:46  Drone  
  47  7:04  Zergling x2  
  47  7:05  Zergling x14  
  49  7:09  Drone x2  
  49  7:25  Overlord x2  
  47  7:46  Drone  
  47  7:47  Drone x2  
  47  7:48  Drone x10  
  60  7:54  Zerg Melee Weapons Level 2  
  52  8:05  Zergling x2  
  52  8:06  Zergling x8  
  52  8:07  Zergling x2  
  52  8:09  Zergling x2  
  59  8:17  Hydralisk Den  
  59  8:18  Zergling x2  
  59  8:19  Zergling x6  
  62  8:33  Drone x10  
  72  8:38  Overlord x2  
  72  8:41  Overlord  
  72  8:54  Extractor, Drone x3  
  72  8:55  Drone x3  
  77  8:56  Extractor  
  77  8:59  Hydralisk, Muscular Augments  
  77  9:00  Hydralisk  
  80  9:08  Overseer x2  
  80  9:10  Hydralisk x3  
  86  9:22  Hydralisk  
  86  9:23  Hydralisk  
  86  9:24  Zergling x6  
  86  9:25  Zergling x8  
  88  9:37  Hydralisk  
  88  9:40  Zergling x14  
  84  9:55  Zergling x2  
  84  9:56  Zergling x14  
  82  10:03  Grooved Spines  
  78  10:08  Queen  
  77  10:16  Hydralisk x4  
  77  10:17  Hydralisk x2  
  82  10:26  Zergling x2  
  82  10:27  Zergling x4  
  83  10:36  Queen  
  83  10:37  Zergling x2  
  83  10:38  Zergling x8  
  78  10:53  Hydralisk  
  78  10:54  Hydralisk x6  
  88  11:17  Zergling x4  
  88  11:18  Zergling x10  
  95  11:19  Overlord x2  
  95  11:20  Overlord x2  
  95  11:24  Hatchery  
  94  11:29  Queen  
  94  11:32  Hydralisk x6  
  98  11:38  Baneling  
  98  11:39  Baneling x8  
  94  12:06  Zergling x2  
  94  12:07  Zergling x26  
  92  12:15  Overseer  
  92  12:17  Queen  
  92  12:21  Zergling x10  
  99  12:27  Baneling x8  
  99  12:30  Baneling x2  
  99  12:31  Zergling x2, Baneling x2  
  99  12:32  Zergling x4  
  99  12:35  Queen  
  104  12:37  Hydralisk  
  104  12:38  Drone x3  
  104  12:43  Hydralisk  
  109  12:44  Hydralisk x5  
  109  12:47  Baneling x4  
  109  12:51  Drone x4  
  125  12:57  Extractor  
  124  13:00  Extractor  
  124  13:01  Drone x3  
  124  13:02  Drone  
  103  13:29  Zergling x2  
  103  13:30  Zergling x26  
Show
View Real Time Build Order
Export as new Build Order

Babke Terran - Winner!

Build Orders: Reaper Expand 

Get SALT Encoding   

  12  0:01  SCV  
  13  0:14  SCV  
  14  0:18  Supply Depot  
  14  0:26  SCV  
  15  0:40  SCV  
  15  0:41  Barracks  
  16  0:44  Refinery  
  16  0:56  SCV  
  17  1:08  SCV  
  18  1:21  SCV  
  19  1:32  Reaper  
  20  1:33  Orbital Command  
  20  1:46  Supply Depot  
  20  1:54  Command Center  
  20  1:59  SCV  
  21  2:03  Marine  
  22  2:10  Factory  
  22  2:14  SCV  
  23  2:26  Barracks Reactor, SCV  
  24  2:42  SCV  
  25  2:54  SCV  
  26  2:59  Refinery  
  26  3:06  SCV  
  26  3:07  Starport  
  26  3:09  Orbital Command  
  27  3:14  Hellion x2, Supply Depot  
  27  3:18  Barracks Tech Lab, SCV  
  32  3:30  SCV  
  33  3:35  Hellion  
  33  3:37  SCV  
  33  3:38  Hellion  
  38  3:42  SCV  
  38  3:46  Supply Depot  
  39  3:49  SCV  
  39  3:51  Viking  
  39  3:54  SCV  
  43  4:07  SCV x2  
  45  4:21  Liberator, SCV x2  
  50  4:25  Hellion x2  
  52  4:41  SCV x2  
  50  4:46  Hellion x2  
  50  4:48  Marine  
  53  4:54  Barracks, SCV x2  
  53  4:55  Barracks  
  54  5:01  Stimpack  
  54  5:05  Starport Reactor  
  54  5:06  Marine, SCV  
  56  5:08  Widow Mine  
  59  5:14  SCV  
  59  5:16  Refinery  
  59  5:17  Refinery  
  59  5:18  SCV  
  60  5:23  Engineering Bay x2  
  60  5:24  Marine  
  60  5:25  Supply Depot  
  60  5:26  SCV  
  62  5:33  SCV  
  62  5:38  SCV  
  57  5:43  Hellion x2  
  60  5:50  SCV  
  60  5:55  SCV  
  61  5:57  Barracks Reactor x2  
  61  6:02  SCV  
  62  6:07  SCV  
  62  6:10  Widow Mine x2  
  67  6:13  Marauder  
  67  6:14  SCV  
  70  6:26  Supply Depot, SCV  
  70  6:27  SCV  
  72  6:34  Marine  
  72  6:38  SCV  
  72  6:39  SCV  
  75  6:41  Combat Shield  
  75  6:48  Supply Depot  
  75  6:50  SCV  
  76  6:58  Command Center, Refinery  
  76  7:00  SCV  
  74  7:02  SCV  
  75  7:10  Marine x5  
  75  7:11  Medivac x2  
  75  7:12  SCV  
  75  7:14  SCV  
  86  7:23  Refinery  
  86  7:28  Marine x5  
  89  7:36  Terran Infantry Armor Level 1  
  89  7:41  Medivac x2  
  81  7:45  Marine  
  81  7:46  Widow Mine x2, Marine x4  
  90  7:54  Barracks  
  90  7:55  Barracks  
  90  8:03  Marine  
  90  8:04  Marine x3  
  94  8:10  Widow Mine x2, Marine  
  99  8:14  Supply Depot  
  99  8:15  Supply Depot  
  99  8:16  SCV x2  
  99  8:17  Orbital Command, Supply Depot  
  101  8:21  Marine x4  
  101  8:25  Medivac  
  107  8:28  Marauder  
  109  8:35  SCV x2  
  109  8:36  Widow Mine  
  113  8:45  Factory  
  113  8:47  SCV  
  114  8:49  Marine x5  
  114  8:55  Barracks Reactor, Barracks Tech Lab  
  119  9:03  SCV x2  
  119  9:06  Marine  
  119  9:07  Marine x4  
  126  9:18  Supply Depot  
  126  9:22  Supply Depot  
  121  9:24  Marine x3  
  121  9:25  Marine x2  
  114  9:42  Marine  
  114  9:50  Marauder, Marine x6  
  114  9:52  Factory Tech Lab  
  110  10:00  Marine  
  107  10:07  Marine  
  107  10:08  Marauder, Marine x4  
  107  10:12  Marauder  
  106  10:18  Marine  
  104  10:22  Siege Tank  
  104  10:23  Widow Mine x2  
  104  10:25  Marine x4  
  104  10:26  Marine  
  116  10:30  Marauder  
  116  10:33  Marauder, Medivac x2  
  123  10:35  Marine  
  122  10:43  SCV x2, Marine x5  
  122  10:44  Widow Mine, SCV  
  122  10:48  Terran Infantry Weapons Level 1  
  130  10:51  Marauder  
  130  10:53  Command Center, Marine  
  130  10:54  Siege Tank, Armory  
  130  10:55  Marauder  
  128  11:01  Marine x4  
  128  11:03  Medivac x2  
  135  11:06  Marine  
  135  11:07  Refinery  
  140  11:11  Widow Mine x2  
  140  11:13  Supply Depot, Marauder  
  140  11:16  Marauder  
  142  11:25  Marine x3  
  144  11:26  Siege Tank, Command Center, Marine  
  149  11:34  Medivac, Marine x2  
  149  11:35  Widow Mine, Marauder  
  149  11:37  Supply Depot  
  157  11:52  Marauder  
  156  11:56  Marauder  
  138  12:06  Marine  
  138  12:07  Marine x5  
  137  12:14  Marauder  
  137  12:17  Marauder  
  137  12:18  Medivac  
  137  12:19  Medivac  
  143  12:23  SCV  
  143  12:24  Marine x2, SCV x2  
  143  12:25  Marine x4  
  143  12:27  Refinery  
  152  12:30  Planetary Fortress  
  152  12:35  Marauder, Concussive Shells  
  154  12:39  Marauder  
  154  12:42  Orbital Command, Marine  
  157  12:48  Medivac  
  159  12:56  Marauder  
  161  13:00  Marauder  
  163  13:18  Marauder  
  165  13:22  Marauder  
  141  13:34  Marine x3  
  141  13:35  Marine x3  
  141  13:36  Widow Mine  
  141  13:37  Widow Mine  
  141  13:39  Marine  
Tags
 
Add a new tag
Caveats
  • Supply blocks, unpowered buildings, or Contaminate may cause inaccurate times.
  • Supply counts are checked every 10 seconds.